 Dungeon Sprint DCSS version 0.19.4-12-gccf7e64 (webtiles) character file.

4973 equalderp2856 the Eviscerator (level 10, -11/49 HPs)
             Began as a Felid Fighter on Feb 27, 2017.
             Was the Champion of Ru.
             Splashed by a lich's acid (12 damage)
             ... in the Dungeon (Sprint VII: "The Pits").
             The game lasted 00:20:36 (4060 turns).

equalderp2856 the Eviscerator (Felid Fighter)       Turns: 4060, Time: 00:20:38

Health: -11/49     AC:  2    Str: 11    XL:     10   Next: 28%
Magic:  11/11      EV: 32    Int: 15    God:    Ru [******]
Gold:   6          SH:  0    Dex: 19    Spells: 0 memorised, 9 levels left
                                        Lives:  0   Deaths: 2

rFire  x . .     SeeInvis +       - Unarmed
rCold  x . .     Gourm    .     (armour unavailable)
rNeg   . . .     Faith    .     (shield unavailable)
rPois  .         Spirit   .     (helmet unavailable)
rElec  .         Reflect  .     (cloak unavailable)
rCorr  .         Harm     .     (gloves unavailable)
MR     +....     NoTele   +     (boots unavailable)
Stlth  ++++++....               (no amulet)
                                n - +3 ring of intelligence
                                m - +3 ring of dexterity

@: quick
A: no armour, no weapons or thrown items, stealth, claws 1, fangs 3, see
invisible, carnivore 3, speed 1, shaggy fur 2, slow metabolism 1, weak 1, no ice
magic, no summoning magic, no transmutations magic, unskilled 1, sharp paws,
temperature sensitive
a: Draw Out Power, Power Leap, Apocalypse, Renounce Religion


You were in the Dungeon.
You worshipped Ru.
Ru was exalted by your worship.
You were not hungry.

You visited 1 branch You collected 6 gold pieces.

Inventory:

Jewellery
 m - a +3 ring of dexterity (left paw)
 n - a +3 ring of intelligence (right paw)
 s - an uncursed ring of fire
Scrolls
 h - a scroll of identify
 j - 7 scrolls of remove curse
 k - 5 scrolls of amnesia
 l - a scroll of summoning
 q - a scroll of recharging
 r - a scroll of fog
 t - a scroll of fear
Potions
 a - 3 potions of might
 c - 9 potions of curing
 e - 2 potions of haste
 f - 5 potions of magic
 g - 4 potions of berserk rage
 i - 2 potions of invisibility
 o - a potion of agility
 p - 3 potions of cure mutation
Comestibles
 b - 6 meat rations


   Skills:
 + Level 8.4 Fighting
 + Level 14.8 Dodging
 + Level 13.9 Stealth
 + Level 21.0 Unarmed Combat


You had 9 spell levels left.
You didn't know any spells.

Dungeon Overview and Level Annotations

Branches:
Dungeon (1/1)

Altars:
Ashenzari
Cheibriados
Dithmenos
Elyvilon
Fedhas
Gozag
Hepliaklqana
Kikubaaqudgha
Makhleb
Nemelex Xobeh
Okawaru
Qazlal
Ru
Sif Muna
Trog
Uskayaw
Vehumet
Xom
Yredelemnul
Zin
The Shining One
Beogh
Jiyva
Lugonu

Annotations:
D Maurice


Innate Abilities, Weirdness & Mutations

You cannot wear armour.
You are incapable of wielding weapons or throwing items.
Your paws allow you to move quietly. (Stealth)
You have sharp claws.
You have razor-sharp teeth.
You have supernaturally acute eyesight. (SInv)
You are carnivorous and can eat meat at any time.
You cover ground quickly.
You are covered in thick fur. (AC +2)
You have a slow metabolism.
You are weak. (Str -2)
You cannot study or cast Ice magic.
You cannot study or cast Summoning magic.
You cannot study or cast Transmutations magic.
You are somewhat unskilled. (-1 Apt)
Your sharp claws are effective at attacking unaware monsters.
You are sensitive to extremes of temperature. (rF-, rC-)


Message History

Your Unarmed Combat skill increases to level 21!
Welcome back to level 10!
Things that are here:
a long sword; a leather armour; an elf corpse You see here the felid corpse of equalderp2856.
You see here a giant club.
You see here a trident of piercing.
You open the huge gate.
There is a huge open gate to the Main Hall (Safe) here.
There is a huge open gate leading to the Armoury (Hard) here.
You start resting.
You start resting.
A deep elf annihilator comes into view. It is wielding a short sword.
You open the huge gate.
The lich points at you and mumbles some strange words.
The bolt of acid hits you!
Ouch! That really hurt!
* * * LOW HITPOINT WARNING * * *
You are splashed with acid!
The acid burns!
You die...

+..#....#..# +..........#
#..........#
#############..#....#..#
...........++..........#
...........++..........#
#########..##..#....#..#
#..##..........+ #..##...@......+
#..####''####e'# #..####''#
#''########## #..##.....
#............ ##+######..##.#'##
##..[.........
...........##L#"N+.##..##########
...........##.N:2#. #).#
''###########.#%d' #..#
''###########.+LD# ##.)#


You could see a lich, a deep elf annihilator (wandering) and a naga mage
(wandering).

Vanquished Creatures
  A deep elf sorcerer (D)
  A great orb of eyes (D)
  Harold (D)
  A merfolk avatar (D)
  A death yak (D)
  An alligator (D)
  A wizard (D)
  A deep troll (D)
  A hill giant (D)
  A necromancer (D)
  A large abomination (D)
  2 deep elf magi (D)
  A black mamba (D)
  A smoke demon (D)
  A spiny frog (D)
  A kobold demonologist (D)
  A rime drake (D)
  A komodo dragon (D)
  A guardian mummy (D)
  A merfolk (D)
  A jumping spider (D)
  Prince Ribbit (D)
  2 trolls (D)
  2 hippogriffs (D)
  3 blink frogs (D)
  A bog body (D)
  6 redbacks (D)
  A wraith (D)
  2 tarantellas (D)
  A ynoxinul (D)
  Eustachio (D)
  A basilisk (D)
  A hungry ghost (D)
  2 vampire mosquitoes (D)
  2 nagas (D)
  A floating eye (D)
  A porcupine (D)
  A swamp drake (D)
  A sky beast (D)
  An eye of draining (D)
  4 wolves (D)
  A centaur (D)
  4 big kobolds (D)
  A gnoll sergeant (D)
  2 earth elementals (D)
  A scorpion (D)
  4 wights (D)
  4 orc priests (D)
  A hell rat (D)
  2 worker ants (D)
  5 gnolls (D)
  A river rat (D)
  An ufetubus (D)
  An ooze (D)
  An adder zombie (D)
  2 adder skeletons (D)
  2 leopard geckos (D)
  9 orcs (D)
  A bat (D)
  A bat skeleton (D)
  A hobgoblin (D)
  A ball python skeleton (D)
  A frilled lizard (D)
  A goblin (D)
  3 kobolds (D)
  A leopard gecko skeleton (D)
  A quokka zombie (D)
  A rat (D)
111 creatures vanquished.

Vanquished Creatures (others)
  Grum (D)
  A wight (D)
  A gnoll (D)
3 creatures vanquished.

Grand Total: 114 creatures vanquished

Notes
Turn   | Place    | Note
-------+----------+-------------------------------------------
     0 | D        | equalderp2856 the Felid Fighter began the quest for the Orb.
     0 | D        | Reached XP level 1. HP: 10/10 MP: 2/2
    46 | D        | Found a radiant altar of Vehumet.
    46 | D        | Found a hide-covered altar of Uskayaw.
    46 | D        | Found an ancient bone altar of Kikubaaqudgha.
    46 | D        | Found a viscous altar of Jiyva.
    46 | D        | Found a hazy altar of Hepliaklqana.
    47 | D        | Found a bloodstained altar of Trog.
    47 | D        | Found a deep blue altar of Sif Muna.
    47 | D        | Found a sacrificial altar of Ru.
    47 | D        | Found a stormy altar of Qazlal.
    47 | D        | Found an iron altar of Okawaru.
    47 | D        | Found a sparkling altar of Nemelex Xobeh.
    47 | D        | Found an opulent altar of Gozag.
    47 | D        | Found a blossoming altar of Fedhas.
    47 | D        | Found a white marble altar of Elyvilon.
    47 | D        | Found a shadowy altar of Dithmenos.
    47 | D        | Found a snail-covered altar of Cheibriados.
    48 | D        | Found a glowing golden altar of the Shining One.
    48 | D        | Found a glowing silver altar of Zin.
    50 | D        | Found a roughly hewn altar of Beogh.
    50 | D        | Found a burning altar of Makhleb.
    50 | D        | Found a basalt altar of Yredelemnul.
    51 | D        | Found a shattered altar of Ashenzari.
    51 | D        | Found a corrupted altar of Lugonu.
    51 | D        | Found a shimmering altar of Xom.
    81 | D        | Became a worshipper of Ru the Awakened
    95 | D        | Noticed a floating eye
   101 | D        | Killed a floating eye
   101 | D        | Reached skill level 1 in Stealth
   101 | D        | Reached skill level 8 in Unarmed Combat
   101 | D        | Reached XP level 2. HP: 15/15 MP: 3/3
   101 | D        | Reached XP level 3. HP: 19/19 MP: 4/4
   101 | D        | Reached XP level 4. HP: 22/22 MP: 5/5
   111 | D        | Reached skill level 5 in Fighting
   120 | D        | Reached XP level 5. HP: 22/26 MP: 6/6
   126 | D        | Reached skill level 9 in Unarmed Combat
   149 | D        | Gained mutation: You are sensitive to extremes of temperature. (rF-, rC-) [Ru sacrifice]
   149 | D        | Reached * piety under Ru
   149 | D        | Reached ** piety under Ru
   149 | D        | Reached *** piety under Ru
   214 | D        | Noticed Prince Ribbit
   232 | D        | Killed Prince Ribbit
   232 | D        | Reached skill level 11 in Unarmed Combat
   232 | D        | Gained mutation: You are covered in thick fur. (AC +2) [Felid growth]
   232 | D        | Reached XP level 6. HP: 31/31 MP: 7/7
   245 | D        | Reached skill level 5 in Stealth
   269 | D        | Reached skill level 12 in Unarmed Combat
   269 | D        | Reached XP level 7. HP: 23/35 MP: 8/8
   476 | D        | Noticed a deep troll
   478 | D        | Killed a deep troll
   478 | D        | Reached skill level 10 in Dodging
   478 | D        | Reached skill level 13 in Unarmed Combat
   478 | D        | Reached XP level 8. HP: 40/40 MP: 9/9
   487 | D        | Reached skill level 14 in Unarmed Combat
   552 | D        | Noticed Eustachio
   552 | D        | Noticed Maurice
   577 | D        | Killed Eustachio
   689 | D        | Gained mutation: You are somewhat unskilled. (-1 Apt) [Ru sacrifice]
   689 | D        | Reduced skill Dodging to level 10
   689 | D        | Reduced skill Unarmed Combat to level 13
   689 | D        | Reached **** piety under Ru
   689 | D        | Reached ***** piety under Ru
   788 | D        | Noticed a death yak
   804 | D        | Killed a death yak
   804 | D        | Reached skill level 14 in Unarmed Combat
   807 | D        | Reached XP level 9. HP: 42/42 MP: 10/10
   909 | D        | Noticed a deep elf mage
   918 | D        | Noticed a demonic crawler
   921 | D        | Killed a deep elf mage
   921 | D        | Reached skill level 15 in Unarmed Combat
  1123 | D        | Noticed Harold
  1125 | D        | Noticed Grum
  1126 | D        | Killed Harold
  1126 | D        | Reached skill level 16 in Unarmed Combat
  1162 | D        | Reached XP level 10. HP: 29/47 MP: 11/11
  1218 | D        | Killed Grum
  1421 | D        | Reached skill level 10 in Stealth
  1421 | D        | Reached skill level 17 in Unarmed Combat
  1657 | D        | Gained mutation: You are weak. (Str -2) [Ru sacrifice]
  1736 | D        | Reached skill level 18 in Unarmed Combat
  2042 | D        | Noticed a deep elf mage
  2051 | D        | Noticed a sun demon
  2055 | D        | Killed a deep elf mage
  2421 | D        | Gained mutation: You cannot study or cast Ice magic. [Ru sacrifice]
  2421 | D        | Gained mutation: You cannot study or cast Transmutations magic. [Ru sacrifice]
  2421 | D        | Gained mutation: You cannot study or cast Summoning magic. [Ru sacrifice]
  2421 | D        | Reached ****** piety under Ru
  2509 | D        | Noticed a smoke demon
  2510 | D        | Reached XP level 11. HP: 51/51 MP: 12/12
  2510 | D        | Reached skill level 19 in Unarmed Combat
  2512 | D        | Noticed an alligator
  2834 | D        | Killed an alligator
  3069 | D        | Noticed a wizard
  3069 | D        | Noticed a hill giant
  3074 | D        | Killed a hill giant
  3077 | D        | Killed a wizard
  3098 | D        | Reached skill level 20 in Unarmed Combat
  3356 | D        | Noticed a merfolk avatar
  3374 | D        | Killed a merfolk avatar
  3416 | D        | Noticed a necromancer
  3695 | D        | Killed a necromancer
  3757 | D        | Noticed a great orb of eyes
  3758 | D        | Noticed a large abomination
  3759 | D        | Noticed a deep elf sorcerer
  3759 | D        | Noticed a deep elf sorcerer
  3761 | D        | Killed a great orb of eyes
  3763 | D        | Killed a large abomination
  3765 | D        | Noticed a deep elf annihilator
  3815 | D        | Killed from afar by a deep elf sorcerer
  3816 | D        | Reached XP level 10. HP: -6/48 MP: 11/11
  3821 | D        | Noticed a lorocyproca
  3821 | D        | Noticed a lich
  3821 | D        | Noticed a bone dragon
  3821 | D        | Noticed a black draconian
  3821 | D        | Noticed a naga mage
  3826 | D        | HP: 2/49 [bone dragon (3)]
  3827 | D        | Slain by a black draconian
  3828 | D        | Reached XP level 9. HP: -4/45 MP: 10/10
  3888 | D        | Killed a deep elf sorcerer
  3888 | D        | Reached skill level 21 in Unarmed Combat
  3888 | D        | Reached XP level 10. HP: 15/49 MP: 11/11
  4060 | D        | Noticed a deep elf annihilator
  4060 | D        | HP: 1/49 [lich/bolt of acid (41)]
  4060 | D        | Splashed by a lich's acid

Skill      XL: |  1  2  3  4  5  6  7  8  9 10 11 |
---------------+----------------------------------+-----
Fighting       | 4 5 6 7 6 7 8 |  8.4
Dodging        | 6 7 9 10 10 11 13 14 | 14.8
Stealth        | 1 4 5 7 8 9 10 13 | 13.9
Unarmed Combat | 8 11 12 13 14 21 18 20 | 21.0

Action                   |  1- 3 |  4- 6 |  7- 9 | 10-12 || total
-------------------------+-------+-------+-------+-------++-------
Melee: Unarmed           |     6 |    41 |   105 |   215 ||   367
       Bite              |     1 |     5 |     9 |    32 ||    47
       Punch             |       |     3 |     8 |    17 ||    28
Invok: Sacrifice Resista |       |     1 |       |       ||     1
       Sacrifice Skill   |       |       |     1 |       ||     1
       Sacrifice Purity  |       |       |       |     1 ||     1
       Sacrifice Arcana  |       |       |       |     1 ||     1
       Apocalypse        |       |       |       |     1 ||     1
  Use: Potion            |       |     3 |     3 |    11 ||    17
       Scroll            |       |       |       |     1 ||     1
 Stab: Sleeping          |     1 |     2 |     2 |     6 ||    11
       Distracted        |       |       |     2 |     5 ||     7
       Paralysed         |       |       |       |     1 ||     1
  Eat: Meat ration       |       |       |       |     2 ||     2
Armor: Skin              |       |     1 |     1 |     7 ||     9
Dodge: Dodged            |     2 |    38 |    58 |   155 ||   253
